 Dungeon Crawl Stone Soup version 0.27-a0-1281-ge233d83751 (webtiles) character file.

Game seed: 17396186397657047937

86 porpoise the Skirmisher (level 4, -1/37 HPs)
             Began as a Demonspawn Fighter on June 13, 2021.
             Was a Believer of Yredelemnul.
             Slain by a gnoll (5 damage)
             ... on level 2 of the Dungeon.
             The game lasted 00:04:11 (1750 turns).

porpoise the Skirmisher (Demonspawn Fighter)        Turns: 1750, Time: 00:04:11

Health: -1/37      AC:  6    Str: 23    XL:     4   Next: 27%
Magic:  4/5        EV:  7    Int: 10    God:    Yredelemnul [**....]
Gold:   73         SH:  9    Dex: 12    Spells: 3/3 levels left

rFire    . . .     SeeInvis .   a - +0 trident
rCold    . . .     Faith    .   c - +0 kite shield
rNeg     . . .     Spirit   .   b - +0 scale mail
rPois    .         Reflect  .   (helmet restricted)
rElec    .         Harm     .   (no cloak)
rCorr    .         Rampage  .   (no gloves)
Will     .....                  (no boots)
Stlth    ..........             (no amulet)
HPRegen  0.12/turn              m - +6 ring of strength
MPRegen  0.09/turn              (no ring)

@: no status effects
A: antennae 1, demonic magic 1
a: Renounce Religion, Animate Remains, Recall Undead Slaves, Injury Mirror


You were on level 2 of the Dungeon.
You worshipped Yredelemnul.
Yredelemnul was pleased with you.
You visited 1 branch of the dungeon, and saw 2 of its levels.

You collected 73 gold pieces.

Inventory:

Hand Weapons
 a - a +0 trident (weapon)
Missiles
 f - 24 stones (quivered)
 j - a throwing net
Armour
 b - a +0 scale mail (worn)
 c - a +0 kite shield (worn)
Jewellery
 m - a +6 ring of strength (left hand)
Wands
 l - a wand of iceblast (6)
Scrolls
 g - a scroll of teleportation {unknown}
 h - a scroll of identify {unknown}
 i - a scroll of fog {unknown}
 k - a scroll of enchant weapon {unknown}
Potions
 d - a potion of might
 e - a potion of mutation {unknown}


   Skills:
 + Level 4.0 Fighting
 + Level 3.0 Polearms
 - Level 2.6 Armour
 - Level 2.6 Shields
 + Level 1.8 Invocations


You had 3 spell levels left.
You didn't know any spells.
Your spell library was empty.

Dungeon Overview and Level Annotations

Branches:
Dungeon (2/15)

Altars:
Yredelemnul


Innate Abilities, Weirdness & Mutations

You have a pair of small antennae on your head.
Spells you cast may paralyse adjacent enemies.


Message History

You block the centaur skeleton's attack.
The centaur skeleton kicks you but does no damage.
Your kobold zombie misses the gnoll.
The gnoll hits you from afar with a +0 spear. x2
You are too injured to fight recklessly!
Unknown command.
You are too injured to fight recklessly!
You hit the centaur skeleton but do no damage.
The centaur skeleton is lightly damaged.
The centaur skeleton hits you but does no damage.
The centaur skeleton kicks you but does no damage.
Your kobold zombie closely misses the gnoll.
You block the gnoll's attack.
The centaur skeleton hits you but does no damage.
The centaur skeleton kicks you.
The gnoll hits you from afar with a +0 spear.
* * * LOW HITPOINT WARNING * * *
You puncture the centaur skeleton!
The centaur skeleton is moderately damaged.
You block the centaur skeleton's attack.
The centaur skeleton kicks you but does no damage.
The gnoll hits you from afar with a +0 spear.
* * * LOW HITPOINT WARNING * * *
Your kobold zombie hits the gnoll with a +0 short sword.
The gnoll hits you but does no damage.
The centaur skeleton closely misses you.
The centaur skeleton barely misses you.
The gnoll hits you from afar with a +0 spear.
* * * LOW HITPOINT WARNING * * *
Your kobold zombie hits the gnoll with a +0 short sword.
The gnoll closely misses your kobold zombie.
Your kobold zombie hits the gnoll with a +0 short sword.
The gnoll dies!
Yredelemnul accepts your kill.
Your goblin zombie closely misses the gnoll.
Your Polearms skill increases to level 3!
You are too injured to fight recklessly!
The gnoll hits you with a +0 spear.
You die...
Your body rises from the dead as a mindless zombie.

#.#Z#
#.#.###
#.#.#..
#.#.#.#
#.#.#.#
#.#.#.#
#...#.# ##
#Z###.# )#
#ZZ)@.# .#
#Z#g###
.#. #.)Z..
....
#......S
.#..
#.####.#..
.# ...
.... .#
.... #.#
.# ..#. ..
.#


You could see a gnoll, a centaur skeleton (ally target), a friendly frilled
lizard zombie, a friendly rat zombie, a friendly goblin zombie and a friendly
kobold zombie.

Vanquished Creatures
  2 gnolls (D:2)
  An adder (D:2)
  A worm (D:2)
  3 dart slugs
  An endoplasm (D:1)
  2 giant cockroaches
  6 hobgoblins
  7 jackals (D:1)
  A quokka (D:2)
  3 ball pythons (D:1)
  5 bats (D:1)
  2 frilled lizards
  A goblin (D:2)
  2 kobolds (D:1)
  5 rats
42 creatures vanquished.

Vanquished Creatures (collateral kills)
  A gnoll (D:2)
  A kobold (D:2)
  A ball python (D:2)
  A rat (D:2)
4 creatures vanquished.

Vanquished Creatures (others)
  An adder zombie (D:2)
1 creature vanquished.

Grand Total: 47 creatures vanquished

Notes
Turn   | Place    | Note
-------+----------+-------------------------------------------
     0 | D:1      | porpoise the Demonspawn Fighter began the quest for the
                  | Orb.
     0 | D:1      | Reached XP level 1. HP: 18/18 MP: 1/1
    65 | D:1      | Gained mutation: Spells you cast may paralyse adjacent
                  | enemies. [demonic ancestry]
    65 | D:1      | Reached XP level 2. HP: 5/24 MP: 2/2
   724 | D:1      | Found a faded altar of an unknown god.
   751 | D:1      | Gained mutation: You have a pair of small antennae on your
                  | head. [demonic ancestry]
   751 | D:1      | Reached XP level 3. HP: 29/29 MP: 3/3
   764 | D:1      | Became a worshipper of Yredelemnul the Dark
   764 | D:1      | Reached * piety under Yredelemnul
  1517 | D:2      | Reached skill level 1 in Invocations
  1604 | D:2      | Reached ** piety under Yredelemnul
  1741 | D:2      | Reached XP level 4. HP: 30/37 MP: 3/5
  1743 | D:2      | Reached skill level 4 in Fighting
  1750 | D:2      | Slain by a gnoll

Illustrated notes

Levels and vault maps discovered:
D:1:      evilmike_arrival_home_sweet_home, layout_basic,
          chequers_ecumenical_altar_simple_redux
D:2:      layout_basic, minmay_ruptured

Skill      XL: |  1  2  3  4 |
---------------+-------------+-----
Polearms       | 2 3 |  3.0
Invocations    | 1 |  1.8
Fighting       | 4 |  4.0
Armour         | |  2.6
Shields        | |  2.6

Action                   |  1- 3 |  4- 6 || total
-------------------------+-------+-------++-------
Melee: Trident           |   125 |     7 ||   132
Invok: Animate Remains   |     8 |       ||     8
Armor: Scale mail        |    48 |    12 ||    60
Dodge: Dodged            |    32 |     6 ||    38
Block: Kite shield       |    60 |    11 ||    71

Table legend: (Time is in decaauts)
 A = Elapsed time spent in this place.
 B = Non-inter-level travel time spent in this place.
 C = Inter-level travel time spent in this place.
 D = Time resting spent in this place.
 E = Time spent auto-exploring this place.
 F = Levels seen in this place.
 G = Mean time per level.
                   A        B        C        D        E       F      G
               +--------+--------+--------+--------+--------+-----+--------+
         Total |   1806 |   1793 |     13 |    353 |   1109 |   2 |  903.0 |
       Dungeon |   1806 |   1793 |     13 |    353 |   1109 |   2 |  903.0 |
               +--------+--------+--------+--------+--------+-----+--------+

Top non-repeatable levels by time:
     D:1: 1440 daAuts
     D:2: 365 daAuts
